 Dungeon Crawl Stone Soup version 0.31-a0-151-ge443d1f16c (webtiles) character file.

Game seed: 11672755789814510963

281952 qw the Slayer (level 20, -53/148 HPs)
             Began as a Gargoyle Hunter on June 8, 2023.
             Was a High Priest of Okawaru.
             Annihilated by a titanic slime creature (87 damage)
             ... on level 4 of the Vaults.
             The game lasted 00:21:09 (32725 turns).

qw the Slayer (Gargoyle Hunter)                    Turns: 32725, Time: 00:21:10

Health: -53/148    AC: 40    Str: 21    XL:     20   Next: 92%
Magic:  26/27      EV: 29    Int: 12    God:    Okawaru [*****.]
Gold:   2463       SH:  0    Dex: 19    Spells: 19/19 levels left

rFire   + . .        D - +4 triple crossbow (heavy)
rCold   + + .        (shield currently unavailable)
rNeg    + . .        y - +3 ring mail of the Thunderstorm {Regen+ Dex+2}
rPois   inf          z - +2 helmet {SInv}
rElec   +            v - scarf {rC+ rF+}
rCorr   .            c - +2 pair of gloves
SInv    +            o - +2 pair of boots
Will    ++...        x - amulet of faith
Stlth   +++          i - ring "Usal" {rPois rC+ Will+ EV+5}
HPRegen 1.24/turn    m - ring "Kecen" {AC+4 Str+5 Slay+3}
MPRegen 0.20/turn

%: faith
@: about to teleport, heroic, flying
A: sickness immunity, AC +15, big wings, negative energy resistance 1,
electricity resistance, torment resistance 1, petrification resistance, clumsy
1, deformed body
}: 1/15 runes: barnacled
a: Renounce Religion, Heroism, Finesse, Duel


You were on level 4 of the Vaults.
You worshipped Okawaru.
Okawaru was extremely pleased with you.
You visited 7 branches of the dungeon, and saw 34 of its levels.
You visited the Abyss 2 times.
You visited 1 bazaar.
You also visited: Sewer.

You collected 4382 gold pieces.
You spent 1919 gold pieces at shops.


Innate Abilities, Weirdness & Mutations

You are immune to sickness and miasma.
Your stone body is resilient. (AC +15)
You are immune to poison.
Your large and strong wings let you fly.
You resist negative energy. (rN+)
You are resistant to electric shocks. (rElec)
You are resistant to unholy torment.
You are immune to petrification.
You are clumsy. (Dex -2)
Armour fits poorly on your strangely shaped body.


   Skills:
 - Level 23.5(27) Fighting
 + Level 20.6(25.6) Ranged Weapons
 - Level 12.9(17.9) Armour
 - Level 15.0(20.0) Dodging
 - Level 1.1(6.1) Stealth
 - Level 10.0 Invocations


You had 19 spell levels left.
You didn't know any spells.
Your spell library was empty.

Inventory:

Hand Weapons
 D - a +4 heavy triple crossbow (weapon)
Armour
 c - a +2 pair of gloves (worn)
 k - a +2 cloak
 o - a +2 pair of boots (worn)
 v - a scarf of resistance (worn)
 y - the +3 ring mail of the Thunderstorm (worn) {Regen+ Dex+2}
   (You bought it in a shop in a bazaar)

   Dex:       It affects your dexterity (+2).
   Regen:     It increases your rate of health regeneration.
 z - a +2 helmet of see invisible (worn)
Jewellery
 b - an amulet of reflection
 i - the ring "Usal" (left hand) {rPois rC+ Will+ EV+5}
   (You acquired it on level 11 of the Dungeon)

   [ring of evasion]

   EV:        It affects your evasion (+5).
   rC:        It protects you from cold.
   rPois:     It protects you from poison.
   Will:      It increases your willpower.
 m - the ring "Kecen" (right hand) {AC+4 Str+5 Slay+3}
   (You found it on level 5 of the Lair of Beasts)

   [ring of protection]

   AC:        It affects your AC (+4).
   Str:       It affects your strength (+5).
   Slay:      It affects your accuracy & damage with ranged weapons and melee
   (+3).
 t - the ring of the Invisible Hand {*Corrode rPois rF+ rC++ SInv}
   (You found it on level 4 of the Lair of Beasts)

   [ring of poison resistance]

   rF:        It protects you from fire.
   rC:        It greatly protects you from cold.
   rPois:     It protects you from poison.
   SInv:      It lets you see invisible.
   *Corrode:  It may corrode you when you take damage.
 x - an amulet of faith (around neck)
 B - a ring of protection from fire
Wands
 h - a wand of digging (11)
Scrolls
 l - 23 scrolls of identify
 p - 14 scrolls of teleportation
 w - 5 scrolls of enchant armour
Potions
 a - 3 potions of magic
 e - 5 potions of might
 f - 11 potions of curing
 g - 8 potions of haste
 j - 6 potions of mutation
 q - 4 potions of heal wounds
 r - 4 potions of resistance
 u - 2 potions of cancellation

Dungeon Overview and Level Annotations

Branches:
Dungeon (15/15)            Temple (1/1) D:6            Lair (5/5) D:11
 Shoals (4/4) Lair:3        Snake (3/4) Lair:3        Slime (0/5) Lair:4
    Orc (2/2) D:12            Elf (0/3) Orc:2        Vaults (4/5) D:13
  Crypt (0/3) Vaults:3     Depths (0/4) D:15          Sewer (visited)

Altars:
Ashenzari
Cheibriados
Dithmenos
Elyvilon
Fedhas
Gozag
Hepliaklqana
Kikubaaqudgha
Makhleb
Nemelex Xobeh
Okawaru
Qazlal
Ru
Sif Muna
Trog
Uskayaw
Vehumet
Wu Jian
Xom
Yredelemnul
Zin
The Shining One
Jiyva

Shops:
D:2 !   D:8 :   D:9 *   D:10 [=(   D:11 [   Orc:1 (   Orc:2 !*(:   Snake:1 ?
Vaults:1 ?   Vaults:2 (

Portals:
Trove: D:15 (give 8 scrolls of fog)

Annotations:
D:3 1 runed translucent door, Crazy Yiuf
D:5 3 runed translucent doors, qw's ghost, novice GrFi


Message History

Two slime creatures merge to form an enormous slime creature.
Two slime creatures merge to form a titanic slime creature.
32719 ||| INVOKING Heroism.
You gain the combat prowess of a mighty hero.
The titanic slime creature hits you!!
You shoot a bolt.
The bolt hits the titanic slime creature!!!!
The titanic slime creature is severely wounded.
The sphinx barely misses you. The sphinx hits you but does no damage.
The sphinx misses you.
The titanic slime creature closely misses you.
The sphinx completely misses you. The sphinx hits you but does no damage.
The sphinx completely misses you.
The titanic slime creature completely misses you.
You shoot a bolt.
The bolt hits the titanic slime creature!!!
The titanic slime creature is severely wounded.
The sphinx casts a spell.
Something smites you! The titanic slime creature hits you!!
The sphinx completely misses you. x2; The sphinx hits you but does no damage.
The titanic slime creature barely misses you.
You shoot a bolt.
The bolt completely misses the titanic slime creature.
The sphinx hits you but does no damage. The sphinx barely misses you.
The sphinx completely misses you. The titanic slime creature hits you!!!!
32723 ||| READING 15 scrolls of teleportation.
As you read the scroll of teleportation, it crumbles to dust.
You feel strangely unstable. The sphinx hits you but does no damage.
The sphinx barely misses you. The sphinx misses you.
The titanic slime creature misses you.
32724 ||| DRINKING 6 potions of heal wounds.
You feel much better. The sphinx completely misses you.
The sphinx hits you but does no damage. x2
The titanic slime creature hits you!! The sphinx misses you.
The sphinx completely misses you. The sphinx closely misses you.
32725 ||| DRINKING 5 potions of heal wounds.
You feel much better. The titanic slime creature hits you!!!!
Ouch! That really hurt!
You die...

#########+#
..........#
>.........#
......JH..#
#####@..+
#(#.#...#
#.#.#...#
#.#?....+
#.###...+
#.......#
#.......#
#.......#
#####...#


You could see a sphinx and a titanic slime creature.

Vanquished Creatures
  A bone dragon (Abyss:3)
  Nikola (Snake:3)
  Mlioglotl (Shoals:2)
  A lich (Abyss:2)
  Rupert (D:14)
  An ancient champion (Vaults:3)
  A revenant (Vaults:3)
  A tengu reaver (Vaults:4)
  3 nagarajas
  8 vault wardens
  A frost giant (Shoals:4)
  A cacodemon (Abyss:2)
  Aizul (Snake:2)
  An orc warlord (Orc:2)
  A very ugly thing (Abyss:3)
  A ghoul (Vaults:3)
  A war gargoyle (Vaults:1)
  A stone giant (D:15)
  11 ironbound preservers
  3 formless jellyfish
  6 ironbound thunderhulks
  Nessos (D:13)
  7 dire elephants
  Snorg (Lair:3)
  An eidolon (Vaults:3)
  5 merfolk javelineers
  14 merfolk impalers
  An entropy weaver (Vaults:3)
  6 great orbs of eyes
  12 vault guards
  5 hydras
  11 yaktaur captains
  Erolcha (D:13)
  An ice dragon (D:15)
  8 centaur warriors
  3 merfolk avatars (Shoals:4)
  3 ogre magi
  A peacekeeper (Vaults:4)
  9 ironbound frosthearts
  11 anacondas
  3 catoblepae
  A death knight (D:15)
  20 two-headed ogres
  Erica (D:8)
  5 merfolk aquamancers (Shoals:4)
  4 boulder beetles
  12 naga warriors
  6 tengu warriors
  2 satyrs
  16 death yaks
  A thrashing horror (Abyss:3)
  3 shock serpents
  12 naga sharpshooters
  Sonja (Lair:3)
  2 wretched stars
  A sixfirhy (Abyss:3)
  3 skysharks
  Amaemon (D:9)
  2 skeletal warriors (D:15)
  Nergalle (Lair:3)
  A salamander mystic (Snake:3)
  30 deep trolls
  Lodul (D:14)
  A spectral anaconda (Lair:5)
  13 sea snakes
  6 naga ritualists
  A glowing orange brain (Abyss:3)
  2 orc knights (Orc:1)
  A tengu zombie (Vaults:4)
  An obsidian statue (Lair:5)
  4 mana vipers
  6 lindwurms
  5 necromancers
  8 ironbound convokers
  3 wizards
  2 deep elf pyromancers (D:14)
  15 harpies
  2 phantasmal warriors (D:15)
  7 salamanders
  7 fauns
  A will-o-the-wisp (Abyss:2)
  A sphinx skeleton (Vaults:4)
  10 ugly things
  3 orc sorcerers
  8 cyclopes
  16 manticores
  2 worldbinders
  Maurice (D:11)
  2 guardian serpents (Snake:3)
  4 merfolk sirens
  42 black mambas
  2 apocalypse crabs
  12 vault sentinels
  4 water nymphs
  19 elephants
  2 smoke demons
  7 naga magi
  2 orange demons
  A gargoyle (D:12)
  16 cane toads
  A human zombie (Vaults:4)
  An unseen horror (Abyss:3)
  Psyche (D:8)
  A dire elephant skeleton (Lair:5)
  A yaktaur zombie (Vaults:4)
  A cane toad (shapeshifter) (D:15)
  39 yaktaurs
  2 rime drakes
  Maggie (D:8)
  13 komodo dragons
  An ancient zyme (Abyss:3)
  A freezing wraith (D:15)
  6 meliai
  3 wind drakes (Shoals:4)
  2 polar bears
  31 merfolk
  A queen bee (Lair:2)
  12 snapping turtles
  3 hornets
  15 trolls
  Grinder (D:4)
  16 blink frogs
  6 raiju
  Prince Ribbit (D:7)
  25 dream sheep
  25 slime creatures
  Sigmund (D:4)
  11 water elementals
  2 shadows (D:11)
  9 basilisks
  A wraith (D:11)
  3 vampires
  2 ynoxinuls (Abyss:2)
  49 yaks
  4 wyverns
  5 large abominations
  Menkaure (D:5)
  4 small abominations
  2 redbacks (Vaults:3)
  4 vampire mosquitoes (D:13)
  2 wargs
  33 nagas
  2 acid dragons
  13 water moccasins
  A hell hound (Abyss:2)
  A black bear (shapeshifter) (D:14)
  11 orc warriors
  4 black bears
  2 sky beasts
  22 wolves
  17 centaurs
  29 ogres
  8 starcursed masses
  2 phantoms (D:4)
  11 bullfrogs
  4 wights (D:6)
  24 killer bees (Lair:2)
  2 elephant simulacra (Lair:5)
  4 howler monkeys
  3 electric eels (D:11)
  3 quasits
  3 jellies
  14 orc priests
  8 hounds
  Ijyb (D:3)
  A sleepcap (D:4)
  Jessica (D:2)
  4 iguanas
  Terence (D:3)
  Natasha (thrice) (D:3)
  17 orc wizards
  11 adders
  4 river rats
  5 shadow imps
  5 white imps
  An ufetubus (D:5)
  5 worms
  2 dart slugs (D:1)
  48 orcs
  9 ball pythons
  17 bats
  10 endoplasms
  8 giant cockroaches
  8 goblins
  9 hobgoblins
  4 jackals
  3 quokkas
  2 frilled lizards
  10 kobolds
  11 rats
1247 creatures vanquished.

Notes
Turn   | Place    | Note
-------+----------+-------------------------------------------
     0 | D:1      | qw the Gargoyle Hunter began the quest for the Orb.
     0 | D:1      | Reached XP level 1. HP: 12/12 MP: 1/1
     0 | D:1      | 0 ||| qw: Version: 0.2-a-120-gdf1a93b
     0 | D:1      | 0 ||| qw: Game counter: 3122
     0 | D:1      | 0 ||| qw: Always use a shield: true
     0 | D:1      | 0 ||| qw: God list: Okawaru
     0 | D:1      | 0 ||| qw: Allow faded altars: false
     0 | D:1      | 0 ||| qw: Do Orc after D:15 true
     0 | D:1      | 0 ||| qw: Do second Lair branch before Depths: true
     0 | D:1      | 0 ||| qw: Lair rune preference: random
     0 | D:1      | 0 ||| qw: Plans: Normal
     0 | D:1      | 0 ||| PLANNING D:1-11
   198 | D:1      | Reached XP level 2. HP: 17/17 MP: 2/2
   374 | D:1      | Reached XP level 3. HP: 21/21 MP: 3/3
   697 | D:1      | 697 ||| DROPPING ring of magical power.
   698 | D:1      | 698 ||| READING scroll labelled FAGAIKH FAWENI.
   699 | D:1      | 699 ||| READING scroll labelled ARCHIC BIRCHENK.
   700 | D:1      | 700 ||| DRINKING 3 bubbling pink potions.
   701 | D:1      | 701 ||| DROPPING scroll of butterflies.
   702 | D:1      | 702 ||| DROPPING 2 potions of invisibility.
   784 | D:2      | Noticed Jessica
   789 | D:2      | Killed Jessica
   790 | D:2      | Reached skill level 3 in Fighting
   790 | D:2      | Reached XP level 4. HP: 28/28 MP: 4/4
   826 | D:2      | Found a faded altar of an unknown god.
  1150 | D:2      | Found Qehov's Distillery.
  1158 | D:2      | 1158 ||| SHOPLISTING potion of heal wounds (70 gold, have
                  | 69).
  1158 | D:2      | 1158 ||| SHOPLISTING potion of mutation (112 gold, have
                  | 69).
  1158 | D:2      | 1158 ||| SHOPLISTING potion of resistance (140 gold, have
                  | 69).
  1298 | D:2      | 1298 ||| UPGRADING to +0 pair of gloves.
  1303 | D:2      | 1303 ||| READING scroll labelled BATIAB JUNWEITH.
  1308 | D:2      | 1308 ||| DRINKING 2 ruby potions.
  1327 | D:3      | 1327 ||| PLANNING SEWER
  1334 | D:3      | 1334 ||| STAIRDANCE
  1395 | D:3      | Identified the +3 whip "Miuhutirph" {flame, rF+ rC+}
  1436 | D:3      | Noticed Natasha
  1440 | D:3      | 1440 ||| Stepping ~*~*~tactically~*~*~ (outnumbered).
  1442 | D:3      | 1442 ||| Stepping ~*~*~tactically~*~*~ (outnumbered).
  1444 | D:3      | 1444 ||| Stepping ~*~*~tactically~*~*~ (outnumbered).
  1447 | D:3      | 1447 ||| Stepping ~*~*~tactically~*~*~ (outnumbered).
  1453 | D:3      | Killed Natasha
  1454 | D:3      | Reached XP level 5. HP: 13/32 MP: 5/5
  1458 | D:3      | Noticed Natasha
  1463 | D:3      | Killed Natasha
  1569 | D:3      | Reached skill level 6 in Ranged Weapons
  1571 | D:3      | Noticed Natasha
  1572 | D:3      | 1572 ||| FLEEEEING.
  1573 | D:3      | 1573 ||| FLEEEEING.
  1576 | D:3      | 1576 ||| FLEEEEING.
  1704 | D:3      | Noticed Terence
  1711 | D:3      | Killed Terence
  1712 | D:3      | Reached skill level 1 in Armour
  1727 | D:3      | 1727 ||| FLEEEEING.
  1732 | D:3      | Killed Natasha
  1813 | D:3      | Found a glowing drain.
  1820 | D:3      | Reached skill level 4 in Fighting
  1820 | D:3      | Reached XP level 6. HP: 37/38 MP: 6/6
  1825 | D:3      | 1825 ||| UPGRADING to +1 helmet.
  1830 | D:3      | 1830 ||| UPGRADING to +0 ring mail.
  1840 | D:3      | 1840 ||| DROPPING +0 leather armour.
  1841 | D:3      | 1841 ||| DRINKING 3 gluggy clear potions.
  1851 | Sewer    | Entered a sewer
  1936 | Sewer    | 1936 ||| Stepping ~*~*~tactically~*~*~ (water).
  2160 | Sewer    | 2160 ||| Stepping ~*~*~tactically~*~*~ (water).
  2442 | Sewer    | 2442 ||| UPGRADING to +0 cloak.
  2447 | Sewer    | 2447 ||| READING scroll labelled GARY VUNTE.
  2448 | Sewer    | 2448 ||| READING scroll labelled ASAKHI DEWNEU.
  2449 | Sewer    | 2449 ||| READING scroll labelled PESEFF VIFEFA.
  2550 | Sewer    | 2550 ||| DROPPING potion of enlightenment.
  2573 | D:3      | 2573 ||| PLANNING D:1-11
  2804 | D:3      | Noticed Ijyb
  2819 | D:3      | Killed Ijyb
  3076 | D:3      | Found a runed translucent door.
  3077 | D:3      | Noticed Crazy Yiuf
  3110 | D:3      | Found a shimmering blue altar of Sif Muna.
  3163 | D:3      | 3163 ||| UPGRADING to +1 pair of gloves.
  3173 | D:3      | 3173 ||| DROPPING +0 pair of gloves.
  3174 | D:3      | 3174 ||| READING scroll labelled ICEIJUDOSORU.
  3174 | D:3      | Identified a scroll of acquirement
  3174 | D:3      | 3174 ||| ACQUIRING +3 heavy longbow
  3174 | D:3      | Acquired a +3 heavy longbow
  3176 | D:3      | 3176 ||| SWAPPING to +3 heavy longbow.
  3177 | D:3      | 3177 ||| DROPPING +0 shortbow.
  3268 | D:4      | Reached XP level 7. HP: 38/43 MP: 7/7
  3310 | D:4      | Noticed Grinder
  3344 | D:4      | HP: 10/43 [Grinder (9)]
  3345 | D:4      | 3345 ||| READING 2 scrolls of teleportation.
  3345 | D:4      | HP: 3/43 [Grinder (7)]
  3353 | D:4      | 3353 ||| READING scroll of teleportation.
  3378 | D:4      | HP: 5/43 [acid (6)]
  3425 | D:4      | Killed Grinder
  3684 | D:4      | Noticed Sigmund
  3688 | D:4      | Killed Sigmund
  3689 | D:4      | Reached skill level 5 in Fighting
  3689 | D:4      | Reached XP level 8. HP: 46/50 MP: 8/8
  3726 | D:4      | 3726 ||| DRINKING 2 potions of curing.
  3726 | D:4      | 3726 ||| (to cure confusion)
  3805 | D:4      | 3805 ||| UPGRADING to +0 pair of boots.
  3810 | D:4      | 3810 ||| READING scroll labelled DASUCI YZ WOTH.
  3811 | D:4      | 3811 ||| DRINKING 2 brown potions.
  3812 | D:4      | 3812 ||| DROPPING potion of attraction.
  3822 | D:5      | Entered Level 5 of the Dungeon
  3834 | D:5      | Reached skill level 3 in Armour
  3920 | D:5      | Reached skill level 9 in Ranged Weapons
  3969 | D:5      | Reached skill level 6 in Fighting
  3985 | D:5      | Noticed qw's ghost (novice GrFi)
  4004 | D:5      | Identified the +4 war axe of the Cursing Gods {flame,
                  | Will++ Stlth-}
  4035 | D:5      | Found a runed translucent gate.
  4035 | D:5      | Found a runed translucent gate.
  4035 | D:5      | Found a runed translucent gate.
  4244 | D:5      | Noticed Menkaure
  4246 | D:5      | 4246 ||| FLEEEEING.
  4247 | D:5      | 4247 ||| FLEEEEING.
  4252 | D:5      | 4252 ||| FLEEEEING.
  4253 | D:5      | 4253 ||| FLEEEEING.
  4254 | D:5      | 4254 ||| FLEEEEING.
  4255 | D:5      | 4255 ||| FLEEEEING.
  4256 | D:5      | 4256 ||| FLEEEEING.
  4257 | D:5      | 4257 ||| FLEEEEING.
  4270 | D:5      | 4270 ||| FLEEEEING.
  4277 | D:5      | Killed Menkaure
  4278 | D:5      | Reached XP level 9. HP: 46/55 MP: 9/9
  4480 | D:5      | 4480 ||| UPGRADING to +1 robe of willpower.
  4506 | D:5      | 4506 ||| UPGRADING to +0 ring mail.
  4511 | D:5      | 4511 ||| UPGRADING to +1 robe of willpower.
  4521 | D:5      | 4521 ||| DROPPING +0 ring mail.
  4522 | D:5      | 4522 ||| UPGRADING to +0 ring mail of fire resistance.
  4653 | D:5      | 4653 ||| READING scroll labelled VENNEE TITHUAPN.
  4654 | D:5      | 4654 ||| READING scroll labelled EJANWUZUE.
  4655 | D:5      | 4655 ||| READING scroll labelled CERPHI MEGOZAAD.
  4656 | D:5      | 4656 ||| READING 2 scrolls of identify.
  4656 | D:5      | 4656 ||| IDENTIFYING cyan potion
  4674 | D:6      | Found a staircase to the Ecumenical Temple.
  4675 | D:6      | 4675 ||| PLANNING TEMPLE
  4684 | Temple   | Entered the Ecumenical Temple
  4691 | Temple   | 4691 ||| PLANNING OKAWARU WORSHIP
  4857 | Temple   | Became a worshipper of Warmaster Okawaru
  4857 | Temple   | 4857 ||| PLANNING D:1-11
  4903 | D:6      | Identified the +3 hand axe of Pestilence {antimagic, Int+5
                  | Dex+3}
  5106 | D:6      | You fall into a shaft and drop 3 floors!
  5107 | D:9      | 5107 ||| DRINKING 2 inky potions.
  5108 | D:9      | 5108 ||| READING 2 scrolls of identify.
  5108 | D:9      | 5108 ||| IDENTIFYING viscous emerald potion
  5109 | D:9      | 5109 ||| DROPPING potion of berserk rage.
  5110 | D:9      | 5110 ||| DROPPING potion of brilliance.
  5217 | D:8      | Noticed Psyche
  5219 | D:8      | Killed Psyche
  5219 | D:8      | Reached * piety under Okawaru
  5220 | D:8      | Reached skill level 7 in Fighting
  5275 | D:8      | Found a shimmering altar of Xom.
  5277 | D:8      | Found a shimmering altar of Xom.
  5277 | D:8      | Found a shimmering altar of Xom.
  5290 | D:8      | Noticed a hornet
  5294 | D:8      | Killed a hornet
  5354 | D:8      | Noticed a +0 dagger
  5358 | D:8      | Noticed Erica
  5359 | D:8      | 5359 ||| DRINKING 2 potions of curing.
  5359 | D:8      | 5359 ||| (to cure confusion)
  5360 | D:8      | 5360 ||| INVOKING Heroism.
  5365 | D:8      | 5365 ||| DRINKING potion of curing.
  5365 | D:8      | 5365 ||| (to cure confusion)
  5367 | D:8      | Killed Erica
  5367 | D:8      | Reached ** piety under Okawaru
  5395 | D:8      | Noticed a +0 hand axe
  5397 | D:8      | Found a hide-covered altar of Uskayaw.
  5410 | D:8      | Found Zeshreos's Vocational Training.
  5477 | D:8      | 5477 ||| UPGRADING to amulet of reflection.
  5483 | D:8      | Noticed Maggie
  5487 | D:8      | Killed Maggie
  5698 | D:7      | 5698 ||| READING scroll labelled ETUTWYAKUT.
  6010 | D:6      | Reached XP level 10. HP: 63/63 MP: 13/13
  6021 | D:6      | Reached skill level 3 in Dodging
  6292 | D:6      | 6292 ||| DROPPING amulet of regeneration.
  6331 | D:7      | Found an ancient bone altar of Kikubaaqudgha.
  6351 | D:7      | Reached skill level 8 in Fighting
  6647 | D:7      | Found an ornate altar of the Wu Jian Council.
  6722 | D:7      | Noticed Prince Ribbit
  6727 | D:7      | Killed Prince Ribbit
  6916 | D:7      | 6916 ||| DROPPING scarf of harm.
  7119 | D:8      | Found an opulent altar of Gozag.
  7149 | D:8      | Found a hazy altar of Hepliaklqana.
  7369 | D:8      | 7369 ||| DROPPING +1 robe of willpower.
  7370 | D:8      | 7370 ||| READING 2 scrolls of identify.
  7370 | D:8      | 7370 ||| IDENTIFYING bubbling grey potion
  7379 | D:9      | Noticed a two-headed ogre
  7380 | D:9      | 7380 ||| INVOKING Heroism.
  7384 | D:9      | Killed a two-headed ogre
  7385 | D:9      | Reached skill level 12 in Ranged Weapons
  7394 | D:9      | 7394 ||| STAIRDANCE
  7460 | D:9      | Reached *** piety under Okawaru
  7475 | D:9      | Noticed a two-headed ogre
  7476 | D:9      | 7476 ||| INVOKING Heroism.
  7478 | D:9      | Killed a two-headed ogre
  7479 | D:9      | Reached skill level 6 in Armour
  7502 | D:9      | Noticed Amaemon
  7502 | D:9      | Noticed an orange demon
  7503 | D:9      | 7503 ||| INVOKING Heroism.
  7511 | D:9      | Killed Amaemon
  7515 | D:9      | Killed an orange demon
  7515 | D:9      | Reached **** piety under Okawaru
  7516 | D:9      | Reached XP level 11. HP: 63/68 MP: 14/14
  7603 | D:9      | Found a burning altar of Makhleb.
  7648 | D:9      | Found Qaepraasu's General Store.
  7651 | D:9      | 7651 ||| BUYING potion of haste (140 gold).
  7651 | D:9      | Bought a potion of haste for 140 gold pieces
  7651 | D:9      | 7651 ||| BUYING potion of mutation (112 gold).
  7651 | D:9      | Bought a potion of mutation for 112 gold pieces
  7651 | D:9      | 7651 ||| BUYING scroll of identify (28 gold).
  7651 | D:9      | Bought a scroll of identify for 28 gold pieces
  7651 | D:9      | 7651 ||| BUYING scroll of identify (28 gold).
  7651 | D:9      | Bought a scroll of identify for 28 gold pieces
  7706 | D:9      | Reached skill level 9 in Fighting
  7710 | D:9      | 7710 ||| INVOKING Heroism.
  7932 | D:9      | 7932 ||| READING 3 scrolls of enchant armour.
  7932 | D:9      | 7932 ||| ENCHANTING +1 pair of gloves.
  7933 | D:9      | 7933 ||| READING 2 scrolls of enchant armour.
  7933 | D:9      | 7933 ||| ENCHANTING +1 helmet.
  7934 | D:9      | 7934 ||| READING scroll of enchant armour.
  7934 | D:9      | 7934 ||| ENCHANTING +0 pair of boots.
  7985 | D:9      | Reached skill level 6 in Invocations
  7991 | D:9      | Reached ***** piety under Okawaru
  8225 | D:9      | 8225 ||| UPGRADING to +2 cloak.
  8235 | D:9      | 8235 ||| DROPPING +0 cloak.
  8236 | D:9      | 8236 ||| READING 4 scrolls of identify.
  8236 | D:9      | 8236 ||| IDENTIFYING glowing inky potion
  8237 | D:9      | 8237 ||| READING 3 scrolls of identify.
  8237 | D:9      | 8237 ||| IDENTIFYING green potion
  8238 | D:9      | 8238 ||| DROPPING potion of ambrosia.
  8243 | D:10     | Entered Level 10 of the Dungeon
  8253 | D:10     | Found Vynusor's Jewellery Boutique.
  8262 | D:10     | 8262 ||| SHOPLISTING +4 ring of slaying (1092 gold, have
                  | 212).
  8262 | D:10     | 8262 ||| SHOPLISTING +6 ring of strength (504 gold, have
                  | 212).
  8262 | D:10     | 8262 ||| SHOPLISTING ring "Poegurgh" {Ice rElec Str-2 Int+2
                  | Stlth+} (585 gold, have 212).
  8283 | D:10     | Noticed a two-headed ogre
  8284 | D:10     | 8284 ||| INVOKING Heroism.
  8286 | D:10     | Killed a two-headed ogre
  8304 | D:10     | Found Wuapam's Antique Armour Boutique.
  8311 | D:10     | 8311 ||| SHOPLISTING smouldering cloak (275 gold, have
                  | 212).
  8330 | D:10     | Noticed a two-headed ogre
  8331 | D:10     | 8331 ||| INVOKING Heroism.
  8333 | D:10     | Killed a two-headed ogre
  8367 | D:10     | Found a glowing golden altar of the Shining One.
  8367 | D:10     | Found a sparkling altar of Nemelex Xobeh.
  8442 | D:10     | 8442 ||| INVOKING Heroism.
  8529 | D:10     | Identified the +3 ring mail of Loss {rElec rN+ Stlth+}
  8617 | D:10     | 8617 ||| INVOKING Heroism.
  8744 | D:10     | Found Ymishryny's Antique Weapon Emporium.
  8832 | D:10     | 8832 ||| DROPPING +0 acid dragon scales.
  8833 | D:10     | 8833 ||| UPGRADING to +3 ring mail of Loss {rElec rN+
                  | Stlth+}.
  8843 | D:10     | 8843 ||| READING scroll labelled QOTTANK VUTRU.
  8877 | D:11     | 8877 ||| READING scroll of acquirement.
  8877 | D:11     | 8877 ||| ACQUIRING ring "Usal" {rPois rC+ Will+ EV+5}
  8877 | D:11     | Acquired the ring "Usal" {rPois rC+ Will+ EV+5}
  8879 | D:11     | 8879 ||| UPGRADING to ring "Usal" {rPois rC+ Will+ EV+5}.
  8897 | D:11     | Noticed a boulder beetle
  8898 | D:11     | 8898 ||| INVOKING Heroism.
  8905 | D:11     | Noticed a boulder beetle
  8906 | D:11     | Killed a boulder beetle
  8914 | D:11     | 8914 ||| INVOKING Heroism.
  8940 | D:11     | 8940 ||| INVOKING Heroism.
  8944 | D:11     | Killed a boulder beetle
  8999 | D:11     | 8999 ||| FLEEEEING.
  9000 | D:11     | 9000 ||| FLEEEEING.
  9001 | D:11     | 9001 ||| FLEEEEING.
  9016 | D:11     | 9016 ||| INVOKING Heroism.
  9044 | D:11     | Found a staircase to the Lair.
  9061 | D:11     | Noticed Maurice
  9068 | D:11     | Noticed a cyclops
  9069 | D:11     | 9069 ||| INVOKING Heroism.
  9078 | D:11     | Killed a cyclops
  9079 | D:11     | Reached XP level 12. HP: 73/76 MP: 16/18
  9089 | D:11     | Killed Maurice
  9109 | D:11     | Reached skill level 9 in Invocations
  9312 | D:11     | Found Lodbrok's Dragon-Slaying Spoils.
  9319 | D:11     | 9319 ||| SHOPLISTING quicksilver dragon scales (900 gold,
                  | have 380).
  9366 | D:11     | 9366 ||| PLANNING LAIR
  9373 | Lair:1   | Entered Level 1 of the Lair of Beasts
  9380 | Lair:1   | 9380 ||| INVOKING Heroism.
  9401 | Lair:1   | Noticed a catoblepas
  9403 | Lair:1   | 9403 ||| Stepping ~*~*~tactically~*~*~ (outnumbered).
  9423 | Lair:1   | Killed a catoblepas
  9522 | Lair:1   | Reached skill level 10 in Fighting
  9787 | Lair:1   | 9787 ||| INVOKING Heroism.
 10198 | Lair:2   | 10198 ||| INVOKING Heroism.
 10235 | Lair:2   | Reached skill level 15 in Ranged Weapons
 10479 | Lair:2   | 10479 ||| INVOKING Heroism.
 10627 | Lair:2   | 10627 ||| INVOKING Heroism.
 10758 | Lair:2   | 10758 ||| INVOKING Heroism.
 10776 | Lair:2   | Reached XP level 13. HP: 82/82 MP: 20/20
 10788 | Lair:2   | 10788 ||| INVOKING Heroism.
 10856 | Lair:2   | 10856 ||| READING scroll of enchant armour.
 10856 | Lair:2   | 10856 ||| ENCHANTING +1 pair of boots.
 11052 | Lair:3   | Found a staircase to the Snake Pit.
 11065 | Lair:3   | 11065 ||| INVOKING Heroism.
 11083 | Lair:3   | Reached skill level 11 in Fighting
 11228 | Lair:3   | 11228 ||| READING 8 scrolls of identify.
 11228 | Lair:3   | 11228 ||| IDENTIFYING bubbling dark potion
 11250 | Lair:3   | 11250 ||| INVOKING Heroism.
 11251 | Lair:3   | 11251 ||| INVOKING Finesse.
 11262 | Lair:3   | 11262 ||| DROPPING potion of lignification.
 11272 | Lair:3   | Received a gift from Okawaru
 11328 | Lair:3   | Noticed Sonja
 11329 | Lair:3   | 11329 ||| INVOKING Finesse.
 11339 | Lair:3   | Killed Sonja
 11368 | Lair:3   | 11368 ||| INVOKING Heroism.
 11564 | Lair:3   | 11564 ||| INVOKING Heroism.
 11565 | Lair:3   | 11565 ||| INVOKING Finesse.
 11587 | Lair:3   | Received a gift from Okawaru
 11589 | Lair:3   | Noticed Snorg
 11601 | Lair:3   | Killed Snorg
 11680 | Lair:3   | Noticed Nergalle
 11681 | Lair:3   | 11681 ||| INVOKING Heroism.
 11693 | Lair:3   | Killed Nergalle
 11921 | Lair:3   | 11921 ||| INVOKING Heroism.
 11922 | Lair:3   | 11922 ||| INVOKING Finesse.
 12025 | Lair:3   | Found a staircase to the Shoals.
 12180 | Lair:3   | 12180 ||| UPGRADING to +1 troll leather armour {Snorg}.
 12190 | Lair:3   | 12190 ||| DROPPING +3 ring mail of Loss {rElec rN+ Stlth+}.
 12234 | Lair:4   | 12234 ||| INVOKING Heroism.
 12235 | Lair:4   | 12235 ||| INVOKING Finesse.
 12287 | Lair:4   | Found a staircase to the Slime Pits.
 12287 | Lair:4   | Found a viscous altar of Jiyva.
 12339 | Lair:4   | Identified the +1 leather armour of Hangman {Str+3}
 12373 | Lair:4   | 12373 ||| INVOKING Heroism.
 12385 | Lair:4   | Reached skill level 6 in Dodging
 12419 | Lair:4   | Identified the ring of Ferakizu {+Blink rCorr}
 12537 | Lair:4   | 12537 ||| INVOKING Heroism.
 12544 | Lair:4   | 12544 ||| INVOKING Finesse.
 12551 | Lair:4   | Gained mutation: Your large and strong wings let you fly.
                  | [Gargoyle growth]
 12551 | Lair:4   | Reached XP level 14. HP: 90/90 MP: 14/21
 12716 | Lair:4   | Reached skill level 18 in Ranged Weapons
 12840 | Lair:4   | Identified the ring of the Invisible Hand {*Corrode rPois
                  | rF+ rC++ SInv}
 13075 | Lair:4   | 13075 ||| DROPPING +1 leather armour of Hangman {Str+3}.
 13076 | Lair:4   | 13076 ||| UPGRADING to ring of Ferakizu {+Blink rCorr}.
 13077 | Lair:4   | 13077 ||| DROPPING +6 ring of intelligence.
 13078 | Lair:4   | 13078 ||| UPGRADING to ring of the Invisible Hand {*Corrode
                  | rPois rF+ rC++ SInv}.
 13080 | Lair:4   | 13080 ||| READING scroll labelled VEGOUR TAZOOT.
 13091 | Lair:5   | Entered Level 5 of the Lair of Beasts
 13092 | Lair:5   | 13092 ||| INVOKING Heroism.
 13093 | Lair:5   | 13093 ||| INVOKING Finesse.
 13117 | Lair:5   | 13117 ||| STAIRDANCE
 13140 | Lair:4   | Reached skill level 12 in Fighting
 13140 | Lair:4   | 13140 ||| INVOKING Heroism.
 13176 | Lair:5   | 13176 ||| INVOKING Heroism.
 13177 | Lair:5   | 13177 ||| INVOKING Finesse.
 13254 | Lair:5   | 13254 ||| INVOKING Heroism.
 13315 | Lair:5   | 13315 ||| INVOKING Heroism.
 13316 | Lair:5   | 13316 ||| INVOKING Finesse.
 13444 | Lair:5   | 13444 ||| INVOKING Heroism.
 13563 | Lair:5   | 13563 ||| INVOKING Heroism.
 13564 | Lair:5   | 13564 ||| INVOKING Finesse.
 13627 | Lair:5   | Identified the +1 buckler of Myaledum {Int-5 Dex+4 Stlth+}
                  | (Okawaru gifted it to you on level 5 of the Lair of Beasts)
 13627 | Lair:5   | Received a gift from Okawaru
 13710 | Lair:5   | 13710 ||| INVOKING Heroism.
 13711 | Lair:5   | 13711 ||| INVOKING Finesse.
 13825 | Lair:5   | Reached skill level 13 in Fighting
 13908 | Lair:5   | Noticed a dire elephant
 13908 | Lair:5   | Noticed a dire elephant
 13926 | Lair:5   | 13926 ||| INVOKING Heroism.
 13961 | Lair:5   | 13961 ||| INVOKING Heroism.
 14040 | Lair:5   | 14040 ||| INVOKING Heroism.
 14047 | Lair:5   | Killed a dire elephant
 14048 | Lair:5   | Reached XP level 15. HP: 84/98 MP: 20/22
 14120 | Lair:5   | Identified the ring "Kecen" {AC+4 Str+5 Slay+3}
 14180 | Lair:5   | 14180 ||| FLEEEEING.
 14181 | Lair:5   | 14181 ||| FLEEEEING.
 14183 | Lair:5   | 14183 ||| FLEEEEING.
 14234 | Lair:5   | 14234 ||| INVOKING Heroism.
 14261 | Lair:5   | 14261 ||| INVOKING Heroism.
 14887 | Lair:5   | 14887 ||| PLANNING D
 14887 | Lair:5   | 14887 ||| UPGRADING to ring "Kecen" {AC+4 Str+5 Slay+3}.
 14889 | Lair:5   | 14889 ||| DROPPING ring of Ferakizu {+Blink rCorr}.
 15010 | D:12     | 15010 ||| STAIRDANCE
 15114 | D:12     | 15114 ||| STAIRDANCE
 15412 | D:12     | Found a staircase to the Orcish Mines.
 15504 | D:12     | 15504 ||| READING scroll labelled CUEHA SE GAK.
 15505 | D:12     | 15505 ||| READING 14 scrolls of identify.
 15505 | D:12     | 15505 ||| IDENTIFYING murky amethyst potion
 15549 | D:13     | Received a gift from Okawaru
 15595 | D:13     | Found a gate to the Vaults.
 15596 | D:13     | 15596 ||| Stepping ~*~*~tactically~*~*~ (outnumbered).
 15597 | D:13     | 15597 ||| Stepping ~*~*~tactically~*~*~ (outnumbered).
 15621 | D:13     | 15621 ||| INVOKING Heroism.
 15633 | D:13     | Noticed Erolcha
 15643 | D:13     | 15643 ||| INVOKING Heroism.
 15663 | Abyss:2  | Cast into level 2 of the Abyss (Erolcha)
 15696 | Abyss:2  | 15696 ||| Stepping ~*~*~tactically~*~*~ (cloud).
 15945 | Abyss:2  | 15945 ||| INVOKING Heroism.
 15945 | Abyss:2  | Gained mutation: Armour fits poorly on your strangely
                  | shaped body. [a cacodemon]
 15960 | Abyss:2  | Gained mutation: You are clumsy. (Dex -2) [a cacodemon]
 15978 | Abyss:2  | Noticed a lich
 15979 | Abyss:2  | 15979 ||| INVOKING Finesse.
 15986 | Abyss:2  | Killed a lich
 16027 | Abyss:2  | 16027 ||| Stepping ~*~*~tactically~*~*~ (outnumbered).
 16028 | Abyss:2  | 16028 ||| INVOKING Heroism.
 16047 | Abyss:2  | 16047 ||| INVOKING Heroism.
 16072 | Abyss:2  | 16072 ||| INVOKING Heroism.
 16155 | Abyss:2  | Found a corrupted altar of Lugonu.
 16155 | Abyss:2  | Found a corrupted altar of Lugonu.
 16180 | Abyss:2  | 16180 ||| Stepping ~*~*~tactically~*~*~ (outnumbered).
 16180 | Abyss:2  | Paralysed by accursed screaming for 1 turns
 16181 | Abyss:2  | 16181 ||| Stepping ~*~*~tactically~*~*~ (outnumbered).
 16182 | Abyss:2  | 16182 ||| Stepping ~*~*~tactically~*~*~ (outnumbered).
 16183 | Abyss:2  | 16183 ||| Stepping ~*~*~tactically~*~*~ (outnumbered).
 16184 | Abyss:2  | 16184 ||| Stepping ~*~*~tactically~*~*~ (outnumbered).
 16190 | Abyss:2  | 16190 ||| Stepping ~*~*~tactically~*~*~ (outnumbered).
 16190 | Abyss:2  | Paralysed by accursed screaming for 1 turns
 16194 | Abyss:2  | 16194 ||| INVOKING Heroism.
 16199 | Abyss:2  | Reached skill level 14 in Fighting
 16211 | Abyss:2  | HP: 24/100 [starcursed mass/accursed screaming (7)]
 16212 | Abyss:2  | 16212 ||| READING 7 scrolls of teleportation.
 16213 | Abyss:2  | 16213 ||| DRINKING 3 potions of heal wounds.
 16220 | D:13     | Escaped the Abyss
 16223 | D:13     | Killed Erolcha
 16351 | D:13     | 16351 ||| Stepping ~*~*~tactically~*~*~ (outnumbered).
 16356 | D:13     | 16356 ||| Stepping ~*~*~tactically~*~*~ (outnumbered).
 16585 | D:13     | Found a faded altar of an unknown god.
 16585 | D:13     | Found a hazy altar of Hepliaklqana.
 16588 | D:13     | Found a faded altar of an unknown god.
 16621 | D:13     | 16621 ||| INVOKING Heroism.
 16704 | D:13     | 16704 ||| INVOKING Heroism.
 16734 | D:13     | Noticed Nessos
 16744 | D:13     | Killed Nessos
 17081 | D:13     | Reached skill level 15 in Fighting
 17081 | D:13     | Reached XP level 16. HP: 101/108 MP: 23/23
 17106 | D:13     | 17106 ||| READING 15 scrolls of identify.
 17106 | D:13     | 17106 ||| IDENTIFYING emerald potion
 17148 | D:14     | 17148 ||| INVOKING Heroism.
 17200 | D:14     | 17200 ||| INVOKING Heroism.
 17219 | D:14     | Reached skill level 9 in Armour
 17379 | D:14     | Noticed Rupert
 17380 | D:14     | 17380 ||| INVOKING Heroism.
 17386 | D:14     | Killed Rupert
 17468 | D:14     | Noticed Lodul
 17480 | D:14     | 17480 ||| Stepping ~*~*~tactically~*~*~ (outnumbered).
 17482 | D:14     | Killed Lodul
 17503 | D:14     | Reached skill level 9 in Dodging
 17716 | D:15     | Entered Level 15 of the Dungeon
 17768 | D:15     | 17768 ||| Stepping ~*~*~tactically~*~*~ (outnumbered).
 17770 | D:15     | 17770 ||| Stepping ~*~*~tactically~*~*~ (outnumbered).
 17823 | D:15     | Found a portal to a secret trove of treasure.
 18001 | D:15     | 18001 ||| INVOKING Heroism.
 18007 | D:15     | 18007 ||| Stepping ~*~*~tactically~*~*~ (outnumbered).
 18037 | D:15     | HP: 21/108 [phantasmal warrior[a death knight] (22)]
 18038 | D:15     | 18038 ||| READING 7 scrolls of teleportation.
 18039 | D:15     | 18039 ||| DRINKING 3 potions of heal wounds.
 18042 | D:15     | 18042 ||| INVOKING Heroism.
 18179 | D:15     | Found a staircase to the Depths.
 18180 | D:15     | 18180 ||| INVOKING Heroism.
 18307 | D:15     | 18307 ||| INVOKING Heroism.
 18377 | D:15     | 18377 ||| INVOKING Heroism.
 18380 | D:15     | Reached skill level 16 in Fighting
 18552 | D:15     | 18552 ||| PLANNING ORC
 18680 | Orc:1    | Entered Level 1 of the Orcish Mines
 18690 | Orc:1    | 18690 ||| INVOKING Heroism.
 18793 | Orc:1    | 18793 ||| Stepping ~*~*~tactically~*~*~ (outnumbered).
 18848 | Orc:1    | 18848 ||| INVOKING Heroism.
 18916 | Orc:1    | 18916 ||| Stepping ~*~*~tactically~*~*~ (outnumbered).
 19057 | Orc:2    | Entered Level 2 of the Orcish Mines
 19069 | Orc:2    | 19069 ||| INVOKING Heroism.
 19218 | Orc:2    | 19218 ||| INVOKING Heroism.
 19241 | Orc:2    | Reached skill level 17 in Fighting
 19362 | Orc:2    | 19362 ||| INVOKING Heroism.
 19404 | Orc:2    | 19404 ||| INVOKING Heroism.
 19453 | Orc:2    | 19453 ||| FLEEEEING.
 19454 | Orc:2    | 19454 ||| FLEEEEING.
 19455 | Orc:2    | 19455 ||| FLEEEEING.
 19457 | Orc:2    | 19457 ||| FLEEEEING.
 19459 | Orc:2    | 19459 ||| FLEEEEING.
 19460 | Orc:2    | 19460 ||| FLEEEEING.
 19461 | Orc:2    | 19461 ||| FLEEEEING.
 19462 | Orc:2    | 19462 ||| FLEEEEING.
 19463 | Orc:2    | 19463 ||| FLEEEEING.
 19464 | Orc:2    | 19464 ||| FLEEEEING.
 19465 | Orc:2    | 19465 ||| FLEEEEING.
 19466 | Orc:2    | 19466 ||| FLEEEEING.
 19467 | Orc:2    | 19467 ||| FLEEEEING.
 19468 | Orc:2    | 19468 ||| FLEEEEING.
 19470 | Orc:2    | 19470 ||| STAIRDANCE
 19484 | Orc:2    | 19484 ||| INVOKING Heroism.
 19515 | Orc:2    | Found Vuil's Book Boutique.
 19518 | Orc:2    | Found Sassitee's General Store.
 19520 | Orc:2    | Found Mefem's Distillery.
 19528 | Orc:2    | Reached XP level 17. HP: 118/118 MP: 24/24
 19532 | Orc:2    | Found Otuydag's Weapon Shop.
 19535 | Orc:2    | 19535 ||| BUYING potion of heal wounds (60 gold).
 19535 | Orc:2    | Bought a potion of heal wounds for 60 gold pieces
 19535 | Orc:2    | 19535 ||| BUYING potion of heal wounds (60 gold).
 19535 | Orc:2    | Bought a potion of heal wounds for 60 gold pieces
 19535 | Orc:2    | 19535 ||| BUYING potion of magic (96 gold).
 19535 | Orc:2    | Bought a potion of magic for 96 gold pieces
 19609 | Orc:2    | 19609 ||| Stepping ~*~*~tactically~*~*~ (outnumbered).
 19611 | Orc:2    | 19611 ||| Stepping ~*~*~tactically~*~*~ (outnumbered).
 19614 | Orc:2    | 19614 ||| Stepping ~*~*~tactically~*~*~ (outnumbered).
 19615 | Orc:2    | 19615 ||| Stepping ~*~*~tactically~*~*~ (outnumbered).
 19618 | Orc:2    | 19618 ||| Stepping ~*~*~tactically~*~*~ (outnumbered).
 19708 | Orc:1    | Found Moargh's Antique Weapon Emporium.
 19806 | Orc:2    | Found a staircase to the Elven Halls.
 19840 | Orc:2    | 19840 ||| PLANNING SHOALS:1-3
 20019 | Shoals:1 | Entered Level 1 of the Shoals
 20183 | Shoals:1 | 20183 ||| INVOKING Heroism.
 20248 | Shoals:1 | Received a gift from Okawaru
 20358 | Shoals:1 | Reached skill level 18 in Fighting
 20362 | Shoals:1 | 20362 ||| INVOKING Heroism.
 20467 | Shoals:1 | 20467 ||| FLEEEEING.
 20828 | Shoals:1 | 20828 ||| DROPPING ring of wizardry.
 20873 | Shoals:2 | 20873 ||| INVOKING Heroism.
 20913 | Shoals:2 | 20913 ||| INVOKING Heroism.
 20934 | Shoals:2 | 20934 ||| INVOKING Finesse.
 20936 | Shoals:2 | 20936 ||| Stepping ~*~*~tactically~*~*~ (outnumbered).
 20944 | Shoals:2 | 20944 ||| INVOKING Heroism.
 20950 | Shoals:2 | 20950 ||| Stepping ~*~*~tactically~*~*~ (outnumbered).
 20961 | Shoals:2 | 20961 ||| Stepping ~*~*~tactically~*~*~ (outnumbered).
 20979 | Shoals:2 | 20979 ||| Stepping ~*~*~tactically~*~*~ (outnumbered).
 21048 | Shoals:2 | Noticed Mlioglotl
 21049 | Shoals:2 | 21049 ||| INVOKING Heroism.
 21050 | Shoals:2 | 21050 ||| INVOKING Finesse.
 21061 | Shoals:2 | Killed Mlioglotl
 21118 | Shoals:2 | 21118 ||| INVOKING Heroism.
 21464 | Shoals:2 | 21464 ||| INVOKING Heroism.
 21507 | Shoals:2 | 21507 ||| Stepping ~*~*~tactically~*~*~ (outnumbered).
 21509 | Shoals:2 | 21509 ||| Stepping ~*~*~tactically~*~*~ (outnumbered).
 21516 | Shoals:2 | 21516 ||| Stepping ~*~*~tactically~*~*~ (outnumbered).
 21518 | Shoals:2 | 21518 ||| Stepping ~*~*~tactically~*~*~ (outnumbered).
 21523 | Shoals:2 | 21523 ||| Stepping ~*~*~tactically~*~*~ (outnumbered).
 21525 | Shoals:2 | 21525 ||| Stepping ~*~*~tactically~*~*~ (outnumbered).
 21918 | Shoals:3 | 21918 ||| INVOKING Heroism.
 22036 | Shoals:3 | 22036 ||| Stepping ~*~*~tactically~*~*~ (outnumbered).
 22097 | Shoals:3 | 22097 ||| INVOKING Heroism.
 22105 | Shoals:3 | 22105 ||| INVOKING Finesse.
 22543 | Shoals:3 | 22543 ||| PLANNING SNAKE:1-3
 22543 | Shoals:3 | 22543 ||| UPGRADING to amulet of faith.
 22700 | Snake:1  | Entered Level 1 of the Snake Pit
 22767 | Snake:1  | Reached skill level 19 in Fighting
 22886 | Snake:1  | Found Huoxea's Magic Scroll Emporium.
 22896 | Snake:1  | 22896 ||| INVOKING Heroism.
 22960 | Snake:1  | Identified the +5 arbalest of the Elven Halls {speed, Int+4
                  | Dex+4 SInv} (Okawaru gifted it to you on level 1 of the
                  | Snake Pit)
 22960 | Snake:1  | Received a gift from Okawaru
 22987 | Snake:1  | 22987 ||| SWAPPING to +5 arbalest of the Elven Halls
                  | {speed, Int+4 Dex+4 SInv}.
 22988 | Snake:1  | 22988 ||| DROPPING +3 longbow of draining.
 23024 | Snake:1  | 23024 ||| BUYING scroll of brand weapon (142 gold).
 23024 | Snake:1  | Bought a scroll of brand weapon for 142 gold pieces
 23024 | Snake:1  | 23024 ||| BUYING scroll of teleportation (45 gold).
 23024 | Snake:1  | Bought a scroll of teleportation for 45 gold pieces
 23035 | Snake:1  | 23035 ||| INVOKING Heroism.
 23041 | Snake:1  | 23041 ||| Stepping ~*~*~tactically~*~*~ (outnumbered).
 23053 | Snake:1  | 23053 ||| Stepping ~*~*~tactically~*~*~ (outnumbered).
 23248 | Snake:1  | 23248 ||| INVOKING Heroism.
 23500 | Snake:1  | 23500 ||| INVOKING Heroism.
 23501 | Snake:1  | 23501 ||| Stepping ~*~*~tactically~*~*~ (outnumbered).
 23518 | Snake:1  | Reached XP level 18. HP: 128/128 MP: 25/25
 23519 | Snake:1  | 23519 ||| DROPPING +2 longbow of flaming.
 24145 | Snake:1  | 24145 ||| DROPPING amulet of magic regeneration.
 24315 | Snake:2  | 24315 ||| INVOKING Heroism.
 24316 | Snake:2  | 24316 ||| Stepping ~*~*~tactically~*~*~ (outnumbered).
 24519 | Snake:2  | Noticed Aizul
 24520 | Snake:2  | 24520 ||| INVOKING Heroism.
 24521 | Snake:2  | 24521 ||| INVOKING Finesse.
 24525 | Snake:2  | 24525 ||| Stepping ~*~*~tactically~*~*~ (outnumbered).
 24532 | Snake:2  | Killed Aizul
 24545 | Snake:2  | Reached skill level 12 in Dodging
 24604 | Snake:2  | Received a gift from Okawaru
 24744 | Snake:2  | 24744 ||| INVOKING Heroism.
 25263 | Snake:2  | 25263 ||| DROPPING ring of positive energy.
 25368 | Snake:3  | Noticed Nikola
 25369 | Snake:3  | 25369 ||| INVOKING Heroism.
 25370 | Snake:3  | 25370 ||| INVOKING Finesse.
 25380 | Snake:3  | Killed Nikola
 25425 | Snake:3  | 25425 ||| Stepping ~*~*~tactically~*~*~ (outnumbered).
 25442 | Snake:3  | Reached skill level 20 in Fighting
 25503 | Snake:3  | 25503 ||| INVOKING Heroism.
 25603 | Snake:3  | 25603 ||| INVOKING Heroism.
 25606 | Snake:3  | 25606 ||| Stepping ~*~*~tactically~*~*~ (outnumbered).
 25712 | Snake:3  | 25712 ||| Stepping ~*~*~tactically~*~*~ (outnumbered).
 25714 | Snake:3  | 25714 ||| Stepping ~*~*~tactically~*~*~ (outnumbered).
 25723 | Snake:3  | Identified the scarf of Narrow Wonder {harm, rPois rC+}
                  | (Okawaru gifted it to you on level 3 of the Snake Pit)
 25723 | Snake:3  | Received a gift from Okawaru
 25731 | Snake:3  | Reached skill level 12 in Armour
 25789 | Snake:3  | 25789 ||| Stepping ~*~*~tactically~*~*~ (outnumbered).
 25791 | Snake:3  | 25791 ||| Stepping ~*~*~tactically~*~*~ (outnumbered).
 25807 | Snake:3  | 25807 ||| Stepping ~*~*~tactically~*~*~ (outnumbered).
 25897 | Snake:3  | 25897 ||| INVOKING Heroism.
 25932 | Snake:3  | 25932 ||| INVOKING Heroism.
 26281 | Snake:3  | 26281 ||| PLANNING SHOALS:4
 26281 | Snake:3  | 26281 ||| DROPPING scarf of Narrow Wonder {harm, rPois
                  | rC+}.
 26282 | Snake:3  | 26282 ||| READING 3 scrolls labelled FOYRAZ HISM.
 26283 | Snake:3  | 26283 ||| DROPPING 2 scrolls of noise.
 26514 | Shoals:4 | Entered Level 4 of the Shoals
 26601 | Shoals:4 | 26601 ||| Stepping ~*~*~tactically~*~*~ (outnumbered).
 26605 | Shoals:4 | 26605 ||| INVOKING Heroism.
 26606 | Shoals:4 | 26606 ||| INVOKING Finesse.
 26714 | Shoals:4 | 26714 ||| INVOKING Heroism.
 26715 | Shoals:4 | 26715 ||| Stepping ~*~*~tactically~*~*~ (outnumbered).
 26796 | Shoals:4 | 26796 ||| INVOKING Heroism.
 26801 | Shoals:4 | 26801 ||| INVOKING Finesse.
 26960 | Shoals:4 | 26960 ||| INVOKING Heroism.
 26961 | Shoals:4 | 26961 ||| Stepping ~*~*~tactically~*~*~ (outnumbered).
 26979 | Shoals:4 | Reached XP level 19. HP: 131/136 MP: 19/26
 27113 | Shoals:4 | 27113 ||| Stepping ~*~*~tactically~*~*~ (outnumbered).
 27177 | Shoals:4 | 27177 ||| INVOKING Heroism.
 27178 | Shoals:4 | 27178 ||| INVOKING Finesse.
 27184 | Shoals:4 | 27184 ||| Stepping ~*~*~tactically~*~*~ (outnumbered).
 27202 | Shoals:4 | Reached skill level 21 in Fighting
 27256 | Shoals:4 | Got a barnacled rune of Zot
 27280 | Shoals:4 | 27280 ||| INVOKING Heroism.
 27282 | Shoals:4 | 27282 ||| Stepping ~*~*~tactically~*~*~ (outnumbered).
 27320 | Shoals:4 | Identified the +1 battleaxe of Darkness {flame, rElec rF-
                  | rN+ Int+2}
 27363 | Shoals:4 | 27363 ||| INVOKING Heroism.
 27364 | Shoals:4 | 27364 ||| INVOKING Finesse.
 27376 | Shoals:4 | 27376 ||| Stepping ~*~*~tactically~*~*~ (outnumbered).
 27741 | Shoals:4 | 27741 ||| PLANNING VAULTS:1-4
 27741 | Shoals:4 | 27741 ||| UPGRADING to scarf of resistance.
 28000 | Vaults:1 | Entered Level 1 of the Vaults
 28040 | Vaults:1 | Received a gift from Okawaru
 28044 | Vaults:1 | 28044 ||| Stepping ~*~*~tactically~*~*~ (outnumbered).
 28052 | Vaults:1 | 28052 ||| FLEEEEING.
 28053 | Vaults:1 | 28053 ||| FLEEEEING.
 28318 | Vaults:1 | You are sucked into a shaft and drop 1 floor!
 28381 | Vaults:1 | 28381 ||| INVOKING Heroism.
 28567 | Vaults:1 | 28567 ||| Stepping ~*~*~tactically~*~*~ (outnumbered).
 28570 | Vaults:1 | Received a gift from Okawaru
 28682 | Vaults:1 | 28682 ||| INVOKING Heroism.
 28684 | Vaults:1 | Reached skill level 22 in Fighting
 28760 | Vaults:1 | Found Zoefo's Magic Scroll Emporium.
 28767 | Vaults:1 | 28767 ||| BUYING scroll of enchant armour (142 gold).
 28767 | Vaults:1 | Bought a scroll of enchant armour for 142 gold pieces
 28767 | Vaults:1 | 28767 ||| BUYING scroll of teleportation (57 gold).
 28767 | Vaults:1 | Bought a scroll of teleportation for 57 gold pieces
 28767 | Vaults:1 | 28767 ||| BUYING scroll of teleportation (57 gold).
 28767 | Vaults:1 | Bought a scroll of teleportation for 57 gold pieces
 28865 | Vaults:1 | 28865 ||| READING scroll of acquirement.
 28865 | Vaults:1 | 28865 ||| ACQUIRING 544 gold pieces
 28865 | Vaults:1 | Acquired 544 gold pieces
 28948 | Vaults:1 | 28948 ||| INVOKING Heroism.
 29005 | Vaults:1 | 29005 ||| FLEEEEING.
 29280 | Vaults:1 | 29280 ||| DROPPING +5 ring of evasion.
 29281 | Vaults:1 | 29281 ||| READING scroll labelled NITRAY JAEM.
 29324 | Vaults:2 | 29324 ||| STAIRDANCE
 29508 | Vaults:2 | 29508 ||| FLEEEEING.
 29509 | Vaults:2 | 29509 ||| FLEEEEING.
 29617 | Vaults:2 | Identified the +2 robe of the Eternal Void {MP-9 Str+3
                  | Int+5} (Okawaru gifted it to you on level 2 of the Vaults)
 29617 | Vaults:2 | Received a gift from Okawaru
 29714 | Vaults:2 | 29714 ||| Stepping ~*~*~tactically~*~*~ (outnumbered).
 29716 | Vaults:2 | 29716 ||| Stepping ~*~*~tactically~*~*~ (outnumbered).
 29717 | Vaults:2 | 29717 ||| Stepping ~*~*~tactically~*~*~ (outnumbered).
 29821 | Vaults:2 | 29821 ||| FLEEEEING.
 29830 | Vaults:2 | 29830 ||| FLEEEEING.
 29831 | Vaults:2 | 29831 ||| FLEEEEING.
 29832 | Vaults:2 | 29832 ||| FLEEEEING.
 29833 | Vaults:2 | 29833 ||| FLEEEEING.
 29834 | Vaults:2 | 29834 ||| FLEEEEING.
 29835 | Vaults:2 | 29835 ||| FLEEEEING.
 29836 | Vaults:2 | 29836 ||| FLEEEEING.
 29837 | Vaults:2 | 29837 ||| FLEEEEING.
 29838 | Vaults:2 | 29838 ||| FLEEEEING.
 29839 | Vaults:2 | 29839 ||| FLEEEEING.
 29840 | Vaults:2 | 29840 ||| FLEEEEING.
 29841 | Vaults:2 | 29841 ||| STAIRDANCE
 29943 | Vaults:1 | 29943 ||| DROPPING +2 robe of the Eternal Void {MP-9 Str+3
                  | Int+5}.
 29946 | Vaults:2 | 29946 ||| STAIRDANCE
 29965 | Vaults:2 | 29965 ||| Stepping ~*~*~tactically~*~*~ (outnumbered).
 29989 | Vaults:2 | Reached XP level 20. HP: 141/146 MP: 27/27
 30311 | Vaults:2 | 30311 ||| FLEEEEING.
 30312 | Vaults:2 | 30312 ||| FLEEEEING.
 30313 | Vaults:2 | 30313 ||| FLEEEEING.
 30314 | Vaults:2 | 30314 ||| FLEEEEING.
 30315 | Vaults:2 | 30315 ||| FLEEEEING.
 30316 | Vaults:2 | 30316 ||| FLEEEEING.
 30317 | Vaults:2 | 30317 ||| FLEEEEING.
 30318 | Vaults:2 | 30318 ||| FLEEEEING.
 30320 | Vaults:2 | 30320 ||| FLEEEEING.
 30321 | Vaults:2 | 30321 ||| FLEEEEING.
 30322 | Vaults:2 | 30322 ||| FLEEEEING.
 30323 | Vaults:2 | 30323 ||| FLEEEEING.
 30324 | Vaults:2 | 30324 ||| FLEEEEING.
 30325 | Vaults:2 | 30325 ||| FLEEEEING.
 30326 | Vaults:2 | 30326 ||| FLEEEEING.
 30327 | Vaults:2 | 30327 ||| FLEEEEING.
 30328 | Vaults:2 | 30328 ||| FLEEEEING.
 30329 | Vaults:2 | 30329 ||| FLEEEEING.
 30333 | Vaults:2 | 30333 ||| FLEEEEING.
 30334 | Vaults:2 | 30334 ||| FLEEEEING.
 30335 | Vaults:2 | 30335 ||| FLEEEEING.
 30336 | Vaults:2 | 30336 ||| FLEEEEING.
 30337 | Vaults:2 | 30337 ||| FLEEEEING.
 30339 | Vaults:2 | 30339 ||| FLEEEEING.
 30340 | Vaults:2 | 30340 ||| STAIRDANCE
 30563 | Vaults:2 | 30563 ||| Stepping ~*~*~tactically~*~*~ (outnumbered).
 30579 | Vaults:2 | 30579 ||| Stepping ~*~*~tactically~*~*~ (outnumbered).
 30582 | Vaults:2 | 30582 ||| Stepping ~*~*~tactically~*~*~ (outnumbered).
 30589 | Vaults:2 | Reached skill level 23 in Fighting
 30699 | Vaults:2 | Found Piusch's Antique Weapon Emporium.
 30855 | Vaults:3 | 30855 ||| Stepping ~*~*~tactically~*~*~ (outnumbered).
 30875 | Vaults:3 | 30875 ||| Stepping ~*~*~tactically~*~*~ (outnumbered).
 30876 | Vaults:3 | 30876 ||| Stepping ~*~*~tactically~*~*~ (outnumbered).
 30878 | Vaults:3 | 30878 ||| INVOKING Heroism.
 31109 | Vaults:3 | 31109 ||| Stepping ~*~*~tactically~*~*~ (outnumbered).
 31111 | Vaults:3 | 31111 ||| Stepping ~*~*~tactically~*~*~ (outnumbered).
 31209 | Vaults:3 | Found a staircase to the Crypt.
 31212 | Vaults:3 | 31212 ||| Stepping ~*~*~tactically~*~*~ (outnumbered).
 31213 | Vaults:3 | 31213 ||| Stepping ~*~*~tactically~*~*~ (outnumbered).
 31385 | Abyss:3  | Cast into level 3 of the Abyss (vault warden)
 31526 | Abyss:3  | Noticed a bone dragon
 31550 | Abyss:3  | Killed a bone dragon
 31550 | Abyss:3  | Identified the +7 arbalest "Lythumedd" {freeze, rC- MP+9
                  | Stlth+} (Okawaru gifted it to you on level 3 of the Abyss)
 31550 | Abyss:3  | Received a gift from Okawaru
 31649 | Abyss:3  | Reached skill level 15 in Dodging
 31787 | Abyss:3  | Noticed a bone dragon
 31790 | Vaults:3 | Escaped the Abyss
 31795 | Vaults:3 | 31795 ||| INVOKING Finesse.
 31802 | Vaults:3 | 31802 ||| Stepping ~*~*~tactically~*~*~ (outnumbered).
 31808 | Vaults:3 | 31808 ||| Stepping ~*~*~tactically~*~*~ (outnumbered).
 32071 | Vaults:3 | Identified the +9 quarterstaff of Fedhas, Wizarding {holy,
                  | rC++ rCorr Str-5 SInv}
 32159 | Vaults:3 | 32159 ||| Stepping ~*~*~tactically~*~*~ (outnumbered).
 32161 | Vaults:3 | 32161 ||| Stepping ~*~*~tactically~*~*~ (outnumbered).
 32163 | Vaults:3 | 32163 ||| Stepping ~*~*~tactically~*~*~ (outnumbered).
 32165 | Vaults:3 | 32165 ||| FLEEEEING.
 32190 | Vaults:3 | Received a gift from Okawaru
 32202 | Vaults:3 | 32202 ||| SWAPPING to +4 triple crossbow of draining.
 32203 | Vaults:3 | 32203 ||| DROPPING +5 arbalest of the Elven Halls {speed,
                  | Int+4 Dex+4 SInv}.
 32204 | Vaults:3 | 32204 ||| READING 2 scrolls of brand weapon.
 32204 | Vaults:3 | 32204 ||| BRANDING +4 triple crossbow of draining.
 32205 | Vaults:3 | 32205 ||| READING scroll of brand weapon.
 32205 | Vaults:3 | 32205 ||| BRANDING +4 triple crossbow of chaos.
 32253 | Vaults:3 | 32253 ||| Stepping ~*~*~tactically~*~*~ (outnumbered).
 32255 | Vaults:3 | 32255 ||| Stepping ~*~*~tactically~*~*~ (outnumbered).
 32258 | Vaults:3 | 32258 ||| Stepping ~*~*~tactically~*~*~ (outnumbered).
 32396 | Vaults:3 | 32396 ||| Stepping ~*~*~tactically~*~*~ (outnumbered).
 32405 | Vaults:3 | 32405 ||| INVOKING Heroism.
 32466 | Vaults:3 | 32466 ||| DROPPING +1 ring mail of positive energy.
 32467 | Vaults:3 | 32467 ||| DROPPING ring of willpower.
 32479 | Vaults:4 | 32479 ||| PLANNING BAZAAR
 32497 | Vaults:4 | 32497 ||| INVOKING Heroism.
 32514 | Vaults:4 | 32514 ||| INVOKING Heroism.
 32603 | Vaults:4 | Found a flickering gateway to a bazaar.
 32609 | Bazaar   | Entered a bazaar
 32611 | Bazaar   | Found Casasheej's Antique Armour Boutique.
 32615 | Bazaar   | 32615 ||| BUYING bloodstained ring mail (360 gold).
 32615 | Bazaar   | Bought a bloodstained ring mail for 360 gold pieces
 32615 | Bazaar   | Identified the +3 ring mail of the Thunderstorm {Regen+
                  | Dex+2} (You bought it in a shop in a bazaar)
 32615 | Bazaar   | 32615 ||| BUYING runed helmet (300 gold).
 32615 | Bazaar   | Bought a runed helmet for 300 gold pieces
 32615 | Bazaar   | Found Gobruq's Armour Boutique.
 32615 | Bazaar   | Found Orro's Antique Armour Boutique.
 32616 | Bazaar   | Found Viwaunodd's Distillery.
 32621 | Bazaar   | 32621 ||| BUYING potion of haste (70 gold).
 32621 | Bazaar   | Bought a potion of haste for 70 gold pieces
 32621 | Bazaar   | 32621 ||| BUYING potion of heal wounds (35 gold).
 32621 | Bazaar   | Bought a potion of heal wounds for 35 gold pieces
 32631 | Bazaar   | 32631 ||| BUYING pair of runed gloves (187 gold).
 32631 | Bazaar   | Bought a pair of runed gloves for 187 gold pieces
 32639 | Bazaar   | 32639 ||| DROPPING +0 ring mail of fire resistance.
 32640 | Bazaar   | 32640 ||| UPGRADING to +3 ring mail of the Thunderstorm
                  | {Regen+ Dex+2}.
 32650 | Bazaar   | 32650 ||| DROPPING +1 troll leather armour {Snorg}.
 32651 | Bazaar   | 32651 ||| UPGRADING to +2 helmet of see invisible.
 32661 | Bazaar   | 32661 ||| DROPPING +2 helmet.
 32662 | Bazaar   | 32662 ||| DROPPING +0 pair of gloves of strength.
 32667 | Vaults:4 | 32667 ||| PLANNING WIZLAB
 32719 | Vaults:4 | 32719 ||| INVOKING Heroism.
 32722 | Vaults:4 | HP: 6/148 [titanic slime creature (72)]
 32723 | Vaults:4 | 32723 ||| READING 15 scrolls of teleportation.
 32724 | Vaults:4 | 32724 ||| DRINKING 6 potions of heal wounds.
 32725 | Vaults:4 | 32725 ||| DRINKING 5 potions of heal wounds.
 32725 | Vaults:4 | Annihilated by a titanic slime creature

Levels and vault maps discovered:
D:1:      heliophobic_arrival_enchanted_forest, layout_loops_ring
D:2:      layout_basic, serial_shops, shop, ebering_ecumenical_altar_rust,
          patterned_corridor, uniq_jessica
D:3:      layout_loops_cross, kennysheep_orc_sif_temple, portal_sewer_entry_b,
          uniq_ijyb, uniq_natasha, uniq_terence, uniq_crazy_yiuf_cottage
D:4:      layout_cave_pools, uniq_grinder, uniq_sigmund
D:5:      layout_basic, gammafunk_ghost_icy, serial_demonic, serial_demonic_d,
          serial_demonic_g, serial_demonic_d, serial_demonic_c, uniq_menkaure
D:6:      layout_cave_pods, minmay_temple_entry_offerings
D:7:      layout_basic, lemuel_doored_altar, mainiacjoe_overflow_boulevard,
          solitary_fountain, uniq_prince_ribbit1
D:8:      layout_basic, nicolae_overflow_crystal_walls, dancing_weapons_uskayaw,
          xom_redecorated, mainiacjoe_overflow_cross_hatched,
          serial_co_window_serial, co_window_corner_a, co_window_corner_a,
          co_window_corner_a, co_window_corner_a, co_window_paths_a,
          co_window_paths_c, co_window_of_opportunity_c, co_window_cross_2,
          glass_columns_c, glass_columns_c, nicolae_shop_vocational,
          uniq_psyche, uniq_maggie, uniq_erica
D:9:      layout_roguey, bloody_makhleb, serial_rivers,
          chequers_serial_rivers_small_3, chequers_serial_rivers_small_a,
          chequers_serial_rivers_micro_c, chequers_serial_rivers_small_b,
          chequers_serial_rivers_marsh, chequers_serial_rivers_micro_b,
          serial_shops, kennysheep_mini, uniq_amaemon
D:10:     layout_layer_cave, nicolae_overflow_two_pavilions, serial_shops, shop,
          nicolae_diamond_shop, shop
D:11:     layout_rooms, erik_lair_island, nicolae_shop_dragon_depot,
          uniq_maurice
D:12:     layout_basic, orc_0_dummy
D:13:     layout_basic, lightli_vaults_fourway_checkpoint,
          nicolae_hepliaklqana_ecumenical_no_more, uniq_erolcha, uniq_nessos
D:14:     layout_rooms, uniq_rupert, uniq_lodul
D:15:     grunt_enter_depths_snipers, layout_loops_ring,
          nicolae_trove_entry_diagonal
Temple:   chequers_temple_sunken
Lair:1:   layout_chaotic_city, grunt_megastairs_4
Lair:2:   layout_roguey [special_room_bee], beast_lair_carwin_7,
          grunt_megastairs_3
Lair:3:   layout_loops_ring, minmay_shoals_entry_lonely_mermaid,
          dummy_snake_entry, uniq_sonja, uniq_snorg, uniq_nergalle
Lair:4:   layout_regular_city, nicolae_slime_entry_slimehenge
Lair:5:   due_jungle_book, layout_small_grid, grunt_megastairs_5,
          serial_bayou_shore_b
Shoals:1: layout_shoals
Shoals:2: layout_shoals, uniq_mlioglotl
Shoals:3: layout_shoals, nicolae_shoals_hunting_party
Shoals:4: shoals_end_grunt_ice, layout_shoals
Snake:1:  layout_layer_cave, serial_shops, shop, serial_bayou_shore_b,
          grunt_megastairs_2
Snake:2:  layout_layer_cave, nicolae_coiled_stairwell_down, uniq_aizul
Snake:3:  layout_onion_interference, hangedman_snake_sidewinding, uniq_nikola
Orc:1:    layout_diamond_mine, serial_shops, shop
Orc:2:    st_orc_open, layout_diamond_mine
Vaults:1: grunt_vaults_diagonal, nicolae_vaults_network_square, v_misc_33,
          nicolae_vaults_trapezoid_1, nicolae_vaults_oval_intersection,
          v_misc_4, nicolae_vaults_security_offices_1,
          nicolae_vaults_turnstiles, grunt_vaults_bifocal, vaults_dpeg_diagonal,
          nicolae_vaults_shelves_hall, layout_vaults_omnicross, serial_shops,
          shop
Vaults:2: nicolae_vaults_holding_cells, ontoclasm_vaults_shuriken,
          nicolae_vaults_heist, nicolae_vaults_house_1,
          nicolae_vaults_rhombus_6, nicolae_vaults_door_testing_chamber,
          v_pattern_3, vaults_standard_mumra_x, nicolae_vaults_layer_cake_slice,
          v_alt_pattern_3, vaults_mumra_lcd, nicolae_vaults_frosty_reception,
          layout_vaults_ring, serial_shops, nicolae_shop_tiny_glass
Vaults:3: vaults_mumra_hexcomb, nicolae_vaults_more_shelving_2,
          nicolae_vaults_closet_pinwheel_5, nicolae_vaults_storage_closets_2,
          vaults_room_pool, hangedman_vaults_trim, nicolae_vaults_network_star,
          nicolae_vaults_layer_cake_slice, hangedman_vaults_impose,
          minmay_crypt_entry_simple_sparse, nicolae_vaults_shelves_hall,
          layout_vaults_maze
Vaults:4: lightli_enter_wizlab_magi_temple, nicolae_vaults_tetromino_Z_2,
          ontoclasm_vaults_ring_square, hangedman_vaults_restitches,
          nicolae_vaults_network_quincunx
          [nicolae_vaults_network_quincunx_subvault,
          nicolae_vaults_network_quincunx_subvault,
          nicolae_vaults_network_quincunx_subvault,
          nicolae_vaults_network_quincunx_subvault,
          nicolae_vaults_network_quincunx_subvault], v_misc_15,
          hangedman_vaults_nodes, nicolae_vaults_shipping_containers_4,
          nicolae_vaults_cochlea, ontoclasm_vaults_idyll,
          nicolae_vaults_little_squares_5, layout_vaults_omnibox, serial_shops,
          bzr_entry_gold

Skill      XL: |  1  2  3  4  5  6  7  8  9 10 11 12 13 14 15 16 17 18 19 20 |
---------------+-------------------------------------------------------------+-----
Ranged Weapons | 5 6 7 8 9 11 13 15 17 19 20 | 20.6
Fighting       | 3 4 5 6 7 8 9 10 11 13 15 17 19 20 22 23 | 23.5
Armour         | 1 2 3 4 6 7 8 10 11 12 | 12.9
Dodging        | 2 3 4 6 7 8 9 11 13 14 15 | 15.0
Invocations    | 4 8 10 | 10.0
Stealth        | |  1.1

Action                     |  1- 3 |  4- 6 |  7- 9 | 10-12 | 13-15 | 16-18 | 19-21 || total
---------------------------+-------+-------+-------+-------+-------+-------+-------++-------
  Melee: Unarmed           |       |       |    19 |       |       |       |       ||    19
   Fire: Shortbow          |    91 |   283 |       |       |       |       |       ||   374
         Longbow           |       |    15 |   138 |   449 |  1257 |   980 |       ||  2839
         Arbalest          |       |       |       |       |       |   698 |  1076 ||  1774
         Triple crossbow   |       |       |       |       |       |       |    91 ||    91
 Invoke: Heroism           |       |       |     1 |    19 |    32 |    41 |    11 ||   104
         Finesse           |       |       |       |       |    12 |     7 |     3 ||    22
    Use: Scroll            |     2 |     5 |     9 |     8 |     6 |     3 |     5 ||    38
         Potion            |     1 |     2 |     5 |       |     1 |     1 |     2 ||    12
 Armour: Leather armour    |    14 |    21 |       |       |       |       |       ||    35
         Ring mail         |       |    59 |    58 |   149 |    40 |       |     7 ||   313
         Skin              |       |       |     5 |       |       |       |       ||     5
         Troll leather arm |       |       |       |       |   254 |   207 |   250 ||   711
  Dodge: Dodged            |    24 |   135 |    53 |   296 |   702 |   666 |   820 ||  2696
  Block: Other             |       |       |       |    97 |   175 |    91 |       ||   363
         Reflection        |       |       |       |     1 |     5 |    12 |       ||    18

Table legend:
 A = Non-vault XP
 B = Vault XP
 C = Vault XP percentage of total XP
 D = Non-vault monster count
 E = Vault monster count
 F = Vault count percentage of total count
                 A         B        C        D         E       F
            +---------+---------+-------+---------+---------+-------
      Total |  327358 |  157523 |  32.5 |     894 |     353 |  28.3
            +---------+---------+-------+---------+---------+-------
        D:1 |      55 |       0 |   0.0 |      28 |       0 |   0.0
        D:2 |      52 |      37 |  41.6 |      21 |       1 |   4.5
        D:3 |     127 |     148 |  53.8 |      16 |      13 |  44.8
        D:4 |     531 |     512 |  49.1 |      21 |       2 |   8.7
        D:5 |     493 |     330 |  40.1 |      24 |       8 |  25.0
        D:6 |     768 |       0 |   0.0 |      11 |       0 |   0.0
        D:7 |     666 |     264 |  28.4 |      10 |       1 |   9.1
        D:8 |     351 |    1572 |  81.7 |      10 |       3 |  23.1
        D:9 |    5254 |    1199 |  18.6 |      21 |       2 |   8.7
       D:10 |    2240 |       0 |   0.0 |       5 |       0 |   0.0
       D:11 |    4435 |    1323 |  23.0 |      15 |       9 |  37.5
       D:12 |    2672 |       0 |   0.0 |       7 |       0 |   0.0
       D:13 |    6918 |    8278 |  54.5 |      22 |      14 |  38.9
       D:14 |   10296 |    3503 |  25.4 |      23 |      10 |  30.3
       D:15 |   13076 |    2723 |  17.2 |      18 |       3 |  14.3
     Lair:1 |    4830 |     906 |  15.8 |      22 |       8 |  26.7
     Lair:2 |    1702 |    6036 |  78.0 |       8 |      42 |  84.0
     Lair:3 |   11406 |    2980 |  20.7 |      32 |       4 |  11.1
     Lair:4 |   12611 |    2113 |  14.4 |      35 |       7 |  16.7
     Lair:5 |   20320 |   16443 |  44.7 |      64 |      28 |  30.4
   Shoals:1 |    8875 |       0 |   0.0 |      16 |       0 |   0.0
   Shoals:2 |   17433 |    1868 |   9.7 |      31 |       1 |   3.1
   Shoals:3 |    7875 |    1829 |  18.8 |      18 |       2 |  10.0
   Shoals:4 |   19999 |   21239 |  51.5 |      45 |      32 |  41.6
    Snake:1 |   20416 |    3837 |  15.8 |      38 |       7 |  15.6
    Snake:2 |   22763 |    1315 |   5.5 |      47 |       2 |   4.1
    Snake:3 |   14510 |   13724 |  48.6 |      26 |      22 |  45.8
      Orc:1 |    5442 |       0 |   0.0 |      33 |       0 |   0.0
      Orc:2 |    3159 |   14888 |  82.5 |      37 |      37 |  50.0
   Vaults:1 |   32009 |   12301 |  27.8 |      52 |      17 |  24.6
   Vaults:2 |   20181 |   17269 |  46.1 |      32 |      24 |  42.9
   Vaults:3 |   22924 |   19921 |  46.5 |      36 |      27 |  42.9
   Vaults:4 |   10551 |     851 |   7.5 |      17 |       1 |   5.6
    Abyss:2 |   11904 |       0 |   0.0 |      36 |       0 |   0.0
    Abyss:3 |   10514 |      10 |   0.1 |      17 |       1 |   5.6
      Sewer |       0 |     104 | 100.0 |       0 |      25 | 100.0
            +---------+---------+-------+---------+---------+-------
